 Dungeon Crawl Stone Soup version 0.31-a0-765-g67fe2935dc (webtiles) character file.

Game seed: 13362865037857140619

1117 pokeman the Thaumaturge (level 8, -3/44 HPs)
             Began as a Deep Elf Hedge Wizard on Sept 16, 2023.
             Was a Follower of Vehumet.
             Slain by a wyvern (15 damage)
             ... on level 5 of the Dungeon.
             The game lasted 00:13:03 (5424 turns).

pokeman the Thaumaturge (Deep Elf Hedge Wizard)     Turns: 5424, Time: 00:13:03

Health: -3/44      AC:  3    Str:  7    XL:     8   Next: 12%
Magic:  11/23      EV: 13    Int: 22    God:    Vehumet [*.....]
Gold:   61         SH:  0    Dex: 14    Spells: 17/25 levels left

rFire   + + +        w - +4 quarterstaff (speed)
rCold   + . .        (shield currently unavailable)
rNeg    . . .        b - +0 robe
rPois   .            c - +0 hat
rElec   .            g - scarf {rC+ rF+}
rCorr   .            t - +0 pair of gloves
SInv    .            (no boots)
Will    .....        (no amulet)
Stlth   +            h - ring of protection from fire
HPRegen 0.27/turn    p - ring of protection from fire
MPRegen 0.18/turn

%: no passive effects
@: confused, very slightly contaminated
A: no striking features
a: Renounce Religion


You were on level 5 of the Dungeon.
You worshipped Vehumet.
Vehumet was aware of your devotion.
You visited 2 branches of the dungeon, and saw 6 of its levels.

You collected 197 gold pieces.
You spent 136 gold pieces at shops.

Inventory:

Hand Weapons
 m - a +1 whip of pain
 w - a +4 quarterstaff of speed (weapon)
Armour
 b - a +0 robe (worn)
 c - a +0 hat (worn)
 g - a scarf of resistance (worn)
 t - a +0 pair of gloves (worn)
Jewellery
 h - a ring of protection from fire (left hand)
 p - a ring of protection from fire (right hand)
Wands
 q - a wand of quicksilver (11)
Scrolls
 a - a scroll of poison {unknown}
 i - 9 scrolls of identify {unknown}
 j - 2 scrolls of torment {unknown}
 o - a scroll of acquirement {unknown}
 r - a scroll of enchant armour {unknown}
 u - 2 scrolls of immolation {unknown}
Potions
 d - a potion of magic
 e - 2 potions of haste {unknown}
 f - 3 potions of curing {unknown}
 k - a potion of attraction {unknown}
 l - a potion of berserk rage {unknown}
 n - 2 potions of lignification {unknown}
 s - a potion of might {unknown}
 v - 2 potions of brilliance {unknown}
 x - a potion of resistance {unknown}


   Skills:
 - Level 2.1 Fighting
 + Level 1.9 Armour
 - Level 3.1 Dodging
 - Level 3.2 Stealth
 * Level 9.0 Spellcasting
 + Level 4.6 Conjurations
 - Level 1.1 Summonings
 + Level 3.7 Necromancy
 - Level 1.1 Translocations
 - Level 1.2 Air Magic
 - Level 1.0 Poison Magic
 - Level 1.0 Evocations


You had 17 spell levels left.
You knew the following spells:

 Your Spells              Type           Power      Damage    Failure   Level
a - Magic Dart            Conj           100%       1d8       1%          1
b - Mephitic Cloud        Conj/Pois/Air  19%        N/A       8%          3
c - Call Imp              Summ           28%        N/A       6%          2
d - Blink                 Tloc           28%        N/A       6%          2

Your spell library contained the following spells:

 Spells                   Type           Power      Damage    Failure   Level
 Freeze                   Ice            36%        1d5       7%          1
 Necrotise                Necr           100%       1d9       1%          1
 Summon Small Mammal      Summ           56%        N/A       4%          1
 Cigotuvi's Dreadful Rot  Necr/Pois/Air  36%        N/A       4%          2
 Vampiric Draining        Necr           26%        2d7       4%          3
 Lesser Beckoning         Tloc           28%        N/A       6%          2
 Slow                     Hex            36%        N/A       7%          1
 Call Canine Familiar     Summ           14%        N/A       13%         3
 Gell's Gravitas          Tloc           14%        N/A       13%         3
 Teleport Other           Tloc           14%        N/A       13%         3
 Summon Guardian Golem    Hex/Summ       12%        N/A       16%         3
 Agony                    Necr           26%        N/A       38%         5


Dungeon Overview and Level Annotations

Branches:
Dungeon (5/15)             Temple (1/1) D:4

Altars:
Ashenzari
Cheibriados
Dithmenos
Elyvilon
Fedhas
Gozag
Hepliaklqana
Kikubaaqudgha
Makhleb
Nemelex Xobeh
Okawaru
Qazlal
Ru
Sif Muna
Trog
Uskayaw
Vehumet
Wu Jian
Yredelemnul
Zin
The Shining One

Shops:
D:4 *


Message History

Nothing appears to happen.
The wyvern closely misses you. The wyvern bites you!
Unknown command.
Casting: Mephitic Cloud (dangerous; 8% risk of failure)
Confirm with . or Enter, or press ? or * to list all spells.
Aiming: Mephitic Cloud (dangerous; 8% risk of failure)
Press: ? - help, Shift-Dir - straight line, f/p - wyvern
Aim: a wyvern (moderately wounded, chance to affect: 77%)
You miscast Mephitic Cloud.
Nothing appears to happen.
The wyvern barely misses you.
Unknown command.
Unknown command.
Casting: Mephitic Cloud (dangerous; 8% risk of failure)
Confirm with . or Enter, or press ? or * to list all spells.
Aiming: Mephitic Cloud (dangerous; 8% risk of failure)
Press: ? - help, Shift-Dir - straight line, f/p - wyvern
Aim: a wyvern (moderately wounded, chance to affect: 77%)
The ball explodes into a vile cloud!
The stinking cloud engulfs the wyvern but does no damage.
The wyvern is moderately wounded.
The stinking cloud engulfs you but does no damage.
You are engulfed in noxious fumes.
You choke on the stench!
You are confused.
The wyvern is engulfed in noxious fumes.
The wyvern appears confused.
The wyvern closely misses you.
The wyvern bites itself!
Unknown command.
Unknown command.
You bump into the rock wall.
You are engulfed in noxious fumes.
You choke on the stench!
You are more confused.
The wyvern is engulfed in noxious fumes.
The wyvern appears confused.
The wyvern bites you!
* * * LOW HITPOINT WARNING * * *
Unknown command.
The wyvern is engulfed in noxious fumes. x2
The wyvern appears confused.
Unknown command.
The wyvern is engulfed in noxious fumes.
The wyvern appears confused.
The wyvern bites you!
You die...

.........####
............ .....(...
........... ........#
..........####.......#
....................>.
#.......# .........
#(.....# #........
###....####........
###.@l○).........
##..#########.. #..#
#..# ##.
#..#######.....#.
##...<.........[.
##...........#..
###...<...#>..
#...........


You could see a wyvern (confused).

Vanquished Creatures
  2 ogres (D:4)
  A centaur (D:5)
  3 phantoms
  3 scorpions
  3 hounds
  A jelly (D:5)
  3 sleepcaps
  2 iguanas
  7 adders
  5 gnolls
  An ufetubus (D:4)
  A worm (D:2)
  3 dart slugs
  9 orcs
  7 endoplasms
  6 giant cockroaches
  10 goblins
  7 hobgoblins
  4 quokkas
  6 ball pythons
  A bat (D:1)
  6 frilled lizards
  8 kobolds
  3 rats (D:3)
102 creatures vanquished.

Vanquished Creatures (collateral kills)
  A goblin (D:2)
1 creature vanquished.

Grand Total: 103 creatures vanquished

Notes
Turn   | Place    | Note
-------+----------+-------------------------------------------
     0 | D:1      | pokeman the Deep Elf Hedge Wizard began the quest for the
                  | Orb.
     0 | D:1      | Reached XP level 1. HP: 10/10 MP: 7/7
   584 | D:1      | Reached XP level 2. HP: 16/16 MP: 5/9
  1046 | D:2      | Reached skill level 5 in Spellcasting
  1166 | D:2      | Reached XP level 3. HP: 20/20 MP: 3/11
  1170 | D:2      | Learned a level 3 spell: Mephitic Cloud
  1173 | D:2      | Learned a level 2 spell: Call Imp
  1176 | D:2      | Learned a level 2 spell: Blink
  1367 | D:2      | Found a faded altar of an unknown god.
  1425 | D:2      | Reached skill level 1 in Armour
  1466 | D:2      | Reached skill level 1 in Fighting
  1741 | D:2      | Reached XP level 4. HP: 24/25 MP: 4/13
  2459 | D:3      | Noticed a phantom
  2471 | D:3      | Killed a phantom
  2472 | D:3      | Reached skill level 6 in Spellcasting
  2472 | D:3      | Reached XP level 5. HP: 21/29 MP: 2/15
  3546 | D:4      | Found Atympued's Assorted Antiques.
  3574 | D:4      | Bought a scroll labelled XOOCHONTUA for 24 gold pieces
  3574 | D:4      | Bought a scroll labelled LERILO LIWE for 24 gold pieces
  3574 | D:4      | Bought a scroll labelled PULAXI TAETAGH for 24 gold pieces
  3574 | D:4      | Bought 2 inky potions for 43 gold pieces
  3574 | D:4      | Bought a viscous brown potion for 21 gold pieces
  3889 | D:4      | Reached skill level 1 in Necromancy
  3906 | D:4      | Reached XP level 6. HP: 19/34 MP: 1/17
  4057 | D:4      | Reached skill level 1 in Poison Magic
  4057 | D:4      | Reached skill level 1 in Evocations
  4076 | D:4      | Found a staircase to the Ecumenical Temple.
  4085 | Temple   | Entered the Ecumenical Temple
  4116 | Temple   | Became a worshipper of Vehumet
  4313 | D:4      | Reached skill level 1 in Air Magic
  4452 | D:4      | Reached skill level 7 in Spellcasting
  4867 | D:4      | Reached XP level 7. HP: 39/39 MP: 10/20
  4903 | D:5      | Entered Level 5 of the Dungeon
  4987 | D:5      | Reached skill level 8 in Spellcasting
  5166 | D:5      | Reached XP level 8. HP: 39/44 MP: 4/22
  5195 | D:5      | Reached * piety under Vehumet
  5195 | D:5      | Offered knowledge of Freeze by Vehumet.
  5347 | D:5      | Reached skill level 9 in Spellcasting
  5424 | D:5      | Slain by a wyvern

Illustrated notes

Levels and vault maps discovered:
D:1:      dpeg_arrival_long_road, layout_loops_ring, grunt_decor_resistance,
          serial_bayou_pond_d
D:2:      layout_rooms, ebering_ecumenical_altar_abandoned,
          minmay_misc_feat_tower
D:3:      layout_basic, kennysheep_doodads, minmay_misc_feat_rows
D:4:      minmay_octagon_keep, layout_rooms, minmay_temple_entry_stoned_glass,
          serial_shops, shop, chequers_serial_rivers_micro_d
D:5:      layout_rooms
Temple:   mainiacjoe_temple_hex_bubbles

Skill      XL: |  1  2  3  4  5  6  7  8 |
---------------+-------------------------+-----
Spellcasting   | 5 6 7 8 9 |  9.0
Armour         | 1 |  1.9
Conjurations   | 2 3 4 |  4.6
Fighting       | 1 2 |  2.1
Dodging        | 3 |  3.1
Stealth        | 3 |  3.2
Necromancy     | 1 2 3 |  3.7
Poison Magic   | 1 |  1.0
Evocations     | 1 |  1.0
Air Magic      | 1 |  1.2
Summonings     | |  1.1
Translocations | |  1.1

Action                     |  1- 3 |  4- 6 |  7- 9 || total
---------------------------+-------+-------+-------++-------
  Melee: Dagger            |     5 |       |       ||     5
         Whip              |       |    37 |       ||    37
         Quarterstaff      |       |     5 |    45 ||    50
   Cast: Magic Dart        |    91 |   145 |    39 ||   275
         Mephitic Cloud    |     1 |     7 |     9 ||    17
         Call Imp          |     1 |     4 |     3 ||     8
         Blink             |       |     1 |       ||     1
   Stab: Confused          |     1 |     1 |     1 ||     3
 Armour: Robe              |     8 |    46 |    22 ||    76
  Dodge: Dodged            |    12 |    67 |    35 ||   114

Table legend: (Time is in decaauts)
 A = Elapsed time spent in this place.
 B = Non-inter-level travel time spent in this place.
 C = Inter-level travel time spent in this place.
 D = Time resting spent in this place.
 E = Time spent auto-exploring this place.
 F = Levels seen in this place.
 G = Mean time per level.
                   A        B        C        D        E       F      G
               +--------+--------+--------+--------+--------+-----+--------+
         Total |   5419 |   5104 |    315 |    144 |   4171 |   6 |  903.2 |
       Dungeon |   5360 |   5101 |    259 |    144 |   4171 |   5 | 1072.0 |
        Temple |     58 |      2 |     56 |      0 |      0 |   1 |   58.0 |
               +--------+--------+--------+--------+--------+-----+--------+

Top non-repeatable levels by time:
     D:4: 1550 daAuts
     D:3: 1292 daAuts
     D:1: 1035 daAuts
     D:2: 967 daAuts
     D:5: 514 daAuts
  Temple: 58 daAuts
